 Dungeon Crawl Stone Soup version 0.29-a0-837-g174bc33265 (webtiles) character file.

Game seed: 1066009897477612308

128 Ijustatesigmund the Firebug (level 5, 0/38 HPs)
             Began as a Hill Orc Fire Elementalist on July 13, 2022.
             Was a Believer of Cheibriados.
             Slain by a human zombie (4 damage)
             ... in an ossuary.
             The game lasted 00:09:10 (4009 turns).

Ijustatesigmund the Firebug (HOFE)                  Turns: 4009, Time: 00:09:11

Health: 0/38       AC:  3    Str: 15    XL:     5   Next: 11%
Magic:  2/8        EV: 11    Int: 21    God:    Cheibriados [**....]
Gold:   646        SH:  5    Dex: 15    Spells: 5/8 levels left

rFire   + . .      SeeInvis .   g - +0 hand axe
rCold   + . .      Faith    .   l - +1 buckler {reflect}
rNeg    . . .      Spirit   .   a - +0 robe
rPois   .          Reflect  +   (no helmet)
rElec   .          Harm     .   j - +0 cloak
rCorr   .          Rampage  .   (no gloves)
Will    .....                   (no boots)
Stlth   ++........              (no amulet)
HPRegen 0.12/turn               c - ring of fire
MPRegen 0.11/turn               e - ring of protection from cold

@: very slow
A: cold resistance 1, noise suppression
a: Renounce Religion, Bend Time


You were in an ossuary.
You worshipped Cheibriados.
Cheibriados was pleased with you.
You visited 1 branch of the dungeon, and saw 4 of its levels.
You also visited: Ossuary.

You collected 646 gold pieces.

Inventory:

Hand Weapons
 g - a +0 hand axe (weapon)
Armour
 a - a +0 robe (worn)
 j - a +0 cloak (worn)
 l - a +1 buckler of reflection (worn)
Jewellery
 c - a ring of fire (left hand)
 e - a ring of protection from cold (right hand)
Scrolls
 d - a scroll of fear
Potions
 f - a potion of brilliance
 h - 2 potions of attraction
 i - a potion of mutation


   Skills:
 - Level 1.2 Axes
 - Level 1.5 Dodging
 - Level 1.5 Stealth
 + Level 1.1 Shields
 + Level 2.3 Spellcasting
 + Level 2.3 Conjurations
 + Level 4.1 Fire Magic
 + Level 1.9 Invocations


You had 5 spell levels left.
You knew the following spells:

 Your Spells              Type           Power      Damage    Failure   Level
a - Foxfire               Conj/Fire      96%        2x1d8     4%          1
b - Scorch                Fire           58%        2d7       4%          2

Your spell library contained the following spells:

 Spells                   Type           Power      Damage    Failure   Level
 Conjure Flame            Conj/Fire      24%        6-21      14%         3
 Beastly Appendage        Tmut           4%         N/A       19%         1
 Inner Flame              Hex/Fire       16%        N/A       24%         3
 Wereblood                Tmut           2%         N/A       28%         2
 Flame Wave               Conj/Fire      24%        2d7       43%         4
 Spider Form              Tmut/Pois      2%         N/A       50%         3


Dungeon Overview and Level Annotations

Branches:
Dungeon (4/15)            Ossuary (1/1)
 Temple: D:4-7

Altars:
Cheibriados

Annotations:
D:3 Sigmund


Innate Abilities, Weirdness & Mutations

Your flesh is cold resistant. (rC+)
You passively dampen the noise of your surroundings.


Message History

You feel a surge of power!
You conjure some foxfire!
The adder zombie misses you. The adder zombie bites you.
The orc zombie hits you but does no damage.
A mummy comes into view.
You block the adder zombie's attack.
The foxfire hits the human zombie!
The human zombie is heavily damaged.
The adder zombie barely misses you. The human zombie hits you.
You block the orc zombie's attack. You block the adder zombie's attack.
A hobgoblin zombie comes into view.
The adder zombie closely misses you.
The human zombie hits you but does no damage.
A mummy comes into view.
You block the adder zombie's attack.
The adder zombie attacks as you move away!
The adder zombie bites you but does no damage.
The adder zombie closely misses you. The adder zombie barely misses you.
The adder zombie bites you. The human zombie hits you.
A hobgoblin zombie comes into view.
The adder zombie bites you.
The human zombie attacks as you move away!
The human zombie hits you.
* * * LOW HITPOINT WARNING * * *
A rat zombie comes into view.
You block the adder zombie's attack.
The human zombie attacks as you move away!
The human zombie hits you but does no damage.
You aren't carrying any items that you can evoke.
Unknown command.
The human zombie hits you.
* * * LOW HITPOINT WARNING * * *
The rat zombie attacks as you move away!
You block the rat zombie's attack. The rat zombie bites you.
* * * LOW HITPOINT WARNING * * *
You can't see any enemies this would affect, really read the scroll of fear?
Okay, then.
The human zombie attacks as you move away!
The human zombie hits you.
You die... #...# #^.# #.. #Z.M# .... #.. #..Z# ##.... #.. #.M.# #.... #.. #..Z# #..... #.. #ZZZ#

#.. #Z..# #.. #.ZZ#
#.. #..@# #..
#...##############..
#...................
#.........∩∩........
####################


You could see 2 mummies, 2 adder zombies, a rat zombie, 2 hobgoblin zombies, an
orc zombie, an elf zombie and 2 human zombies.

Vanquished Creatures
  A centaur zombie (Ossuary)
  A mummy (D:4)
  An adder (D:3)
  A worm (D:2)
  2 dart slugs
  An orc (D:4)
  3 endoplasms
  2 giant cockroaches
  4 goblins
  8 hobgoblins
  6 jackals
  5 kobolds
  2 ball pythons (D:2)
  3 bats
  3 frilled lizards
  9 hobgoblin zombies (Ossuary)
  7 kobold zombies (Ossuary)
  7 orc zombies (Ossuary)
  3 rats (D:2)
69 creatures vanquished.

Vanquished Creatures (others)
  194 foxfires
194 creatures vanquished.

Grand Total: 263 creatures vanquished

Notes
Turn   | Place    | Note
-------+----------+-------------------------------------------
     0 | D:1      | Ijustatesigmund the Hill Orc Fire Elementalist began the
                  | quest for the Orb.
     0 | D:1      | Reached XP level 1. HP: 14/14 MP: 3/3
   625 | D:1      | Reached XP level 2. HP: 20/20 MP: 2/4
   628 | D:1      | Learned a level 2 spell: Scorch
  1328 | D:2      | Found a snail-covered altar of Cheibriados.
  1356 | D:2      | Became a worshipper of Cheibriados the Contemplative
  1358 | D:2      | Identified a scroll of acquirement
  1358 | D:2      | Acquired 474 gold pieces
  1457 | D:2      | Found a faded altar of an unknown god.
  1685 | D:2      | Reached XP level 3. HP: 6/26 MP: 0/5
  2426 | D:2      | Reached skill level 1 in Axes
  2663 | D:2      | Reached * piety under Cheibriados
  2954 | D:3      | Reached skill level 1 in Invocations
  3234 | D:3      | Reached XP level 4. HP: 33/33 MP: 4/7
  3279 | D:3      | Noticed Sigmund
  3374 | D:4      | Found a sand-covered staircase.
  3384 | D:4      | Reached skill level 4 in Fire Magic
  3436 | Ossuary  | Entered an ossuary
  3977 | Ossuary  | Reached ** piety under Cheibriados
  3978 | Ossuary  | Reached skill level 1 in Shields
  3978 | Ossuary  | Reached XP level 5. HP: 15/38 MP: 3/8
  3980 | Ossuary  | Gained mutation: You passively dampen the noise of your
                  | surroundings. [potion of mutation]
  3980 | Ossuary  | Gained mutation: Your flesh is cold resistant. (rC+)
                  | [potion of mutation]
  4009 | Ossuary  | Slain by a human zombie

Illustrated notes

Levels and vault maps discovered:
D:1:      tarquinn_simple_flora_water_a, layout_loops_ring,
          hangedman_decor_riveting
D:2:      layout_loops_ring, basic_altar, shapermc_ecumenical_altar_flowoftime,
          kennysheep_generic_room_6
D:3:      layout_loops_ring, pdpol_wu_jian_five_deadly_venoms,
          serial_bayou_pond_e, uniq_sigmund, uniq_robin
D:4:      layout_layer_cave, serial_shops, nicolae_shop_stone,
          nicolae_shop_waterfront, nicolae_shop_waterfront,
          gup_ossuary_entry_pyramid, minmay_small_thing
Ossuary:  ossuary_tomb_1

Skill      XL: |  1  2  3  4 |
---------------+-------------+-----
Spellcasting   | 2 |  2.3
Axes           | 1 |  1.2
Conjurations   | 2 |  2.3
Invocations    | 1 |  1.9
Fire Magic     | 4 |  4.1
Shields        | 1 |  1.1
Dodging        | |  1.5
Stealth        | |  1.5

Action                   |  1- 3 |  4- 6 || total
-------------------------+-------+-------++-------
Melee: Hand axe          |    41 |       ||    41
       Dagger            |     7 |       ||     7
 Cast: Foxfire           |    76 |    47 ||   123
       Scorch            |     3 |     4 ||     7
  Use: Scroll            |     9 |       ||     9
       Potion            |       |     3 ||     3
Armor: Robe              |    21 |    20 ||    41
Dodge: Dodged            |    48 |    37 ||    85
Block: Buckler           |       |    26 ||    26

Table legend: (Time is in decaauts)
 A = Elapsed time spent in this place.
 B = Non-inter-level travel time spent in this place.
 C = Inter-level travel time spent in this place.
 D = Time resting spent in this place.
 E = Time spent auto-exploring this place.
 F = Levels seen in this place.
 G = Mean time per level.
                   A        B        C        D        E       F      G
               +--------+--------+--------+--------+--------+-----+--------+
         Total |   4339 |   4180 |    159 |   1420 |   1978 |   5 |  867.8 |
       Dungeon |   3717 |   3558 |    159 |   1117 |   1876 |   4 |  929.2 |
       Ossuary |    622 |    622 |      0 |    303 |    102 |   1 |  622.0 |
               +--------+--------+--------+--------+--------+-----+--------+

Top non-repeatable levels by time:
     D:2: 1843 daAuts
     D:1: 1164 daAuts
 Ossuary: 622 daAuts
     D:3: 619 daAuts
     D:4: 90 daAuts
